 Dungeon Crawl Stone Soup version 0.21.1-1-g345015f (webtiles) character file.

68 pnvurqk the Grave Robber (level 4, -2/30 HPs)
             Began as a Mummy Necromancer on June 15, 2018.
             Slain by a kobold
             ... wielding a +0 short sword
              (3 damage)
             ... on level 2 of the Dungeon.
             The game lasted 00:24:57 (1085 turns).

pnvurqk the Grave Robber (Mummy Necromancer)        Turns: 1085, Time: 00:24:58

Health: -2/30      AC:  2    Str: 11    XL:     4   Next: 1%
Magic:  0/8        EV: 12    Int: 15    God:
Gold:   67         SH:  0    Dex: 12    Spells: 7/9 levels left

rFire    x . .     SeeInvis .   r - +0 mace
rCold    + . .     Gourm    .   (no shield)
rNeg     + + +     Faith    .   h - +0 robe
rPois    ∞         Spirit   .   (no helmet)
rElec    .         Reflect  .   (no cloak)
rCorr    .         Harm     .   (no gloves)
MR       .....                  (no boots)
Stlth    ++........             (no amulet)
HPRegen  0.10/turn              t - ring of flight
MPRegen  0.11/turn              (no ring)

@: no status effects
A: no food or potions, fire vulnerability, cold resistance 1, negative energy
resistance 3, torment resistance, unbreathing
a: Evoke Flight


You were on level 2 of the Dungeon.
You were not hungry.

You visited 1 branch of the dungeon, and saw 2 of its levels.

You collected 67 gold pieces.

Inventory:

Hand Weapons
 g - a +0 whip
 i - a +0 club
 k - a +0 club
 p - a +0 club
 r - a +0 mace (weapon)
Missiles
 m - 25 poisoned needles
 o - 13 arrows
Armour
 a - a +0 robe
 h - a +0 robe (worn)
Jewellery
 t - a ring of flight (left hand)
Wands
 j - a wand of acid (10)
Scrolls
 e - 2 scrolls of fog {unknown}
 l - 2 scrolls of magic mapping {unknown}
 n - a scroll of identify {unknown}
 s - a scroll of amnesia {unknown}
 u - a scroll of remove curse {unknown}
Potions
 c - a potion of curing {unknown}
 f - a potion of brilliance {unknown}
Books
 b - a book of Necromancy

   Spells                             Type                      Level
   a - Pain                           Necromancy                   1
   b - Animate Skeleton               Necromancy                   1
   c - Vampiric Draining              Necromancy                   3
   d - Regeneration                   Charms/Necromancy            3
   e - Animate Dead                   Necromancy                   4
   f - Borgnjor's Vile Clutch         Necromancy/Earth             5
Comestibles
 d - 4 rations


   Skills:
 + Level 0.9 Maces & Flails
 + Level 2.0 Dodging
 + Level 2.0 Stealth
 + Level 3.2 Spellcasting
 + Level 4.6 Necromancy


You had 7 spell levels left.
You knew the following spells:

 Your Spells              Type           Power        Failure   Level  Hunger
a - Pain                  Necr           ###.         2%          1    N/A
b - Animate Skeleton      Necr           N/A          2%          1    N/A

Dungeon Overview and Level Annotations

Branches:
Dungeon (2/15)

Altars:
Elyvilon


Innate Abilities, Weirdness & Mutations

You do not eat or drink.
Your flesh is vulnerable to fire.
You are immune to poison.
Your flesh is cold resistant. (rC+)
You are immune to negative energy. (rN+++)
You are immune to unholy pain and torment.
You can survive without breathing.


Message History

* * * LOW HITPOINT WARNING * * *
The adder bites you.
* * * LOW HITPOINT WARNING * * *
The adder bites you.
* * * LOW HITPOINT WARNING * * *
You see here a quarterstaff.
Casting: Pain
Confirm with . or Enter, or press ? or * to list all spells.
Aiming: Pain
Press: ? - help, Shift-Dir - straight line, f/p - adder
Aim: an adder (moderately wounded, chance to defeat MR: 81%)
The adder writhes in agony!
The adder bites you.
* * * LOW HITPOINT WARNING * * *
The adder barely misses you.
You barely miss the adder.
The adder is severely wounded.
The adder bites you.
* * * LOW HITPOINT WARNING * * *
The kobold hits you with a short sword.
You die...

#.# #.# #.# ...... #.##
#######.#####.# #...# #..#
####.............# #...# ##.#
#.....###..##.#..#####...# #.#
#.....###..##.#........... #.#
#......##....(............ #.#
#....†.##................. #.#
#......##.K#..#..####..... #.#
####<....@S......# #..... #.#
#.####################.. #.#
#....................#..
#.#######.#^..#...#...#...#..#..
#...........†..............._#..
####.##.#.#...#...#...#...#..#..
#.##.......†..............#..
#.#########################..
#>#####.# ..............


You could see an adder and a kobold.

Vanquished Creatures
  4 adders (D:2)
  A dart slug (D:2)
  A leopard gecko (D:1)
  3 bats
  4 giant cockroaches
  2 goblins
  4 hobgoblins
  2 jackals (D:1)
  A kobold (D:1)
  2 rats (D:2)
24 creatures vanquished.

Vanquished Creatures (collateral kills)
  2 goblins (D:1)
  A quokka (D:2)
  A frilled lizard (D:1)
4 creatures vanquished.

Grand Total: 28 creatures vanquished

Notes
Turn   | Place    | Note
-------+----------+-------------------------------------------
     0 | D:1      | pnvurqk the Mummy Necromancer began the quest for the Orb.
     0 | D:1      | Reached XP level 1. HP: 13/13 MP: 4/4
    58 | D:1      | Learned a level 1 spell: Animate Skeleton
   231 | D:1      | Reached XP level 2. HP: 19/19 MP: 0/5
   726 | D:2      | Reached XP level 3. HP: 24/24 MP: 2/7
   809 | D:2      | Found a white marble altar of Elyvilon.
  1052 | D:2      | Reached XP level 4. HP: 11/30 MP: 0/8
  1085 | D:2      | HP: 1/30 [adder (3)]
  1085 | D:2      | Slain by a kobold

Skill      XL: |  1  2  3 |
---------------+----------+-----
Spellcasting   | 3 |  3.2
Stealth        | 2 |  2.0
Dodging        | 2 |  2.0
Maces & Flails | |  0.9
Necromancy     | |  4.6

Action                   |  1- 3 |  4- 6 || total
-------------------------+-------+-------++-------
Melee: Unarmed           |     4 |       ||     4
       Club              |    22 |       ||    22
       Mace              |     8 |     6 ||    14
 Cast: Pain              |    48 |     5 ||    53
       Animate Skeleton  |     7 |       ||     7
Armor: Robe              |    15 |     2 ||    17
Dodge: Dodged            |    46 |     9 ||    55
